 Dungeon Crawl Stone Soup version 0.30-a0-591-g3c58d2bc28 (webtiles) character file.

Game seed: 9346217184240500868

114 M4edhros the Charlatan (level 4, -1/29 HPs)
             Began as an Octopode Artificer on Jan 5, 2023.
             Was a Follower of Cheibriados.
             Killed by divine providence
             ... invoked by an orc priest
              (15 damage)
             ... on level 3 of the Dungeon.
             The game lasted 00:05:23 (1184 turns).

M4edhros the Charlatan (Octopode Artificer)         Turns: 1184, Time: 00:05:23

Health: -1/29      AC:  1    Str: 14    XL:     4   Next: 98%
Magic:  4/4        EV: 14    Int: 16    God:    Cheibriados [*.....]
Gold:   112        SH:  0    Dex: 17    Spells: 3/3 levels left

rFire   . . .      SeeInvis .      - Unarmed
rCold   . . .      Faith    .    (no shield)
rNeg    . . .      Spirit   .    (helmet restricted)
rPois   .          Reflect  .    (no amulet)
rElec   .          Harm     .    (no ring)
rCorr   .          Rampage  .    (no ring)
Will    .....                    (no ring)
Stlth   +++                      (no ring)
HPRegen 0.24/turn                (no ring)
MPRegen 0.09/turn                (no ring)
                                 (no ring)
                                 (no ring)

@: very slow
A: almost no armour, amphibious, 8 rings, camouflage 1, gelatinous body 1,
(nimble swimmer 1), tentacles
a: Renounce Religion, Bend Time


You were on level 3 of the Dungeon.
You worshipped Cheibriados.
Cheibriados was aware of your devotion.
You visited 2 branches of the dungeon, and saw 5 of its levels.

You collected 112 gold pieces.

Inventory:

Hand Weapons
 e - a +0 sling
Missiles
 k - 6 poisoned darts
 m - 3 silver boomerangs
Wands
 b - a wand of flame (15) (quivered)
 c - a wand of charming (15)
 d - a wand of iceblast (5)
 l - a wand of quicksilver (12)
 q - a wand of paralysis (9)
Scrolls
 a - 4 scrolls of identify {unknown}
 g - a scroll of blinking {unknown}
 h - a scroll of teleportation {unknown}
Potions
 f - 2 potions of invisibility
 i - a potion of cancellation {unknown}
 j - a potion of ambrosia {unknown}
 n - a potion of curing {unknown}
 o - a potion of haste {unknown}
 p - a potion of heal wounds {unknown}
 r - 2 potions of mutation {unknown}


   Skills:
 + Level 1.9 Fighting
 + Level 3.0 Dodging
 + Level 2.8 Stealth
 * Level 2.4 Unarmed Combat
 + Level 3.8 Evocations


You had 3 spell levels left.
You didn't know any spells.
Your spell library contained the following spells:

 Spells                   Type           Power      Damage    Failure   Level
 Portal Projectile        Hex/Tloc       0%         N/A       58%         3
 Tukima's Dance           Hex            0%         N/A       58%         3
 Blade Hands              Tmut           0%         N/A       100%        5


Dungeon Overview and Level Annotations

Branches:
Dungeon (4/15)             Temple (1/1) D:4

Altars:
Ashenzari
Cheibriados
Elyvilon
Fedhas
Gozag
Makhleb

Shops:
D:4 :


Innate Abilities, Weirdness & Mutations

You cannot wear most types of armour.
You are amphibious.
You can wear up to eight rings at the same time.
Your skin changes colour to match your surroundings (Stealth+).
Your rubbery body absorbs attacks. (AC +1, EV +1)
((You are camouflaged when in or above water. (Stealth+)))
You have tentacles for arms and can constrict up to eight enemies at once.


Message History

Unknown command.
You swing at nothing.
You swing at nothing.
The kobold throws a stone.
The stone hits you.
You swing at nothing.
The kobold throws a stone.
The stone misses you.
You swing at nothing.
You miss the kobold. Your grab misses the kobold.
The kobold hits you with a +0 dagger.
You tentacle-slap the kobold but do no damage.
You grab the kobold.
You squeeze the kobold, but do no damage.
You constrict the kobold. The kobold hits you with a +0 dagger.
You tentacle-slap the kobold.
You kill the kobold!
Cheibriados thoroughly appreciates the change of pace.
Things that are here:
a +0 dagger; 4 stones 2 orcs come into view.
An orc is wielding a +0 heavy hand axe.
An orc comes into view. It is wielding a +0 war axe.
The orc shouts!
Unknown command.
Things that are here:
a +0 dagger; 4 stones You swing at nothing.
You tentacle-slap the orc. Your grab misses the orc.
The orc is heavily wounded.
An orc priest comes into view. It is wielding a +0 trident.
The orc barely misses you.
You completely miss the orc.
The orc priest shouts!
Your grab misses the orc.
The orc is heavily wounded.
The orc priest invokes the aid of Beogh against you.
Beogh smites you! The orc hits you with a +0 war axe.
You tentacle-slap the orc but do no damage.
Your grab misses the orc.
The orc is moderately wounded.
The orc priest invokes the aid of Beogh against you.
Beogh smites you!
Ouch! That really hurt!
You die...

## .. ####.# #..#.# #
#..#.# .#..#.######
...#.>..†.####
##########.#...........
........@oo....####.###
##########o....### .#
##......# #......#
#......# #o..o.....#
#......##.# #......# #
#......#


You could see an orc priest and 3 orcs.

Vanquished Creatures
  2 iguanas
  An adder (D:4)
  A worm (D:2)
  2 dart slugs (D:1)
  An orc (D:3)
  6 ball pythons
  3 bats
  5 endoplasms
  2 giant cockroaches (D:1)
  4 goblins
  3 hobgoblins
  2 jackals (D:1)
  4 kobolds
  A quokka (D:3)
  3 frilled lizards
  6 rats
46 creatures vanquished.

Notes
Turn   | Place    | Note
-------+----------+-------------------------------------------
     0 | D:1      | M4edhros the Octopode Artificer began the quest for the
                  | Orb.
     0 | D:1      | Reached XP level 1. HP: 13/13 MP: 1/1
   249 | D:1      | Reached XP level 2. HP: 6/18 MP: 2/2
   331 | D:3      | Reached skill level 1 in Unarmed Combat
   415 | D:4      | Found a staircase to the Ecumenical Temple.
   423 | Temple   | Entered the Ecumenical Temple
   473 | Temple   | Became a worshipper of Cheibriados the Contemplative
   474 | Temple   | 472.8 CHEI
   566 | D:2      | Reached XP level 3. HP: 19/23 MP: 3/3
   917 | D:2      | Reached * piety under Cheibriados
   966 | D:3      | Reached XP level 4. HP: 28/28 MP: 4/4
  1127 | D:4      | Found Dusull's Book Shop.
  1184 | D:3      | Killed from afar by an orc priest

Illustrated notes

##### ##...##
##.....##
+.......#
#...@...#
#.......#
#+####.....##
##...#'#...##
##.....######
#.......#
#..._...#
#.......# #
######.....##


Turn 474 on Temple: 472.8 CHEI

Levels and vault maps discovered:
D:1:      nagdon_arrival_double_spiral, layout_basic, hangedman_decor_slide_cut
D:2:      layout_loops_corners, shapermc_ecumenical_altar_pompeii
D:3:      layout_basic, grunt_decor_resistance, minmay_pentomino_pile
D:4:      minmay_polygon_palace, layout_layer_cave, minmay_temple_entry_slanted,
          serial_shops, nicolae_square_shop, nicolae_stop_n_shop_1
Temple:   mainiacjoe_temple_hex_bubbles

Skill      XL: |  1  2  3  4 |
---------------+-------------+-----
Unarmed Combat | 1 2 |  2.4
Stealth        | 2 |  2.8
Dodging        | 3 |  3.0
Fighting       | |  1.9
Evocations     | |  3.8

Action                   |  1- 3 |  4- 6 || total
-------------------------+-------+-------++-------
Melee: Unarmed           |    85 |    26 ||   111
       Tentacles         |    20 |     6 ||    26
       Constrict         |    21 |     6 ||    27
       Punch             |     2 |       ||     2
  Use: Potion            |       |     1 ||     1
 Stab: Sleeping          |     6 |     3 ||     9
       Invisible         |       |     1 ||     1
Armor: Skin              |     4 |     3 ||     7
Dodge: Dodged            |    53 |    11 ||    64

Table legend: (Time is in decaauts)
 A = Elapsed time spent in this place.
 B = Non-inter-level travel time spent in this place.
 C = Inter-level travel time spent in this place.
 D = Time resting spent in this place.
 E = Time spent auto-exploring this place.
 F = Levels seen in this place.
 G = Mean time per level.
                   A        B        C        D        E       F      G
               +--------+--------+--------+--------+--------+-----+--------+
         Total |   1369 |   1250 |    119 |      0 |    292 |   5 |  273.8 |
       Dungeon |   1291 |   1200 |     91 |      0 |    254 |   4 |  322.8 |
        Temple |     78 |     51 |     27 |      0 |     38 |   1 |   78.0 |
               +--------+--------+--------+--------+--------+-----+--------+

Top non-repeatable levels by time:
     D:1: 527 daAuts
     D:2: 277 daAuts
     D:3: 267 daAuts
     D:4: 219 daAuts
  Temple: 78 daAuts
